 Dungeon Crawl Stone Soup version 0.30-a0-469-g84de5afbc5 (webtiles) character file.

Game seed: 3388758182716744511

524446 jlumianski the End of an Era (level 24, -21/214 HPs)
             Began as a Demonspawn Fighter on Dec 15, 2022.
             Was the Champion of Qazlal.
             Demolished by a rockslime (39 damage)
             ... created by the Royal Jelly
             ... on level 5 of the Pits of Slime on Dec 20, 2022.
             The game lasted 05:58:11 (47199 turns).

jlumianski the End of an Era (Demonspawn Fighter)  Turns: 47199, Time: 05:58:12

Health: -21/214    AC: 24    Str: 29    XL:     24   Next: 21%
Magic:  22/39      EV: 11    Int: 19    God:    Qazlal [******]
Gold:   3731       SH: 29    Dex: 19    Spells: 23/23 levels left

rFire   + + +      SeeInvis +    f - +11 war axe "Hydraslayer" {freeze, *Corrode rElec rC+}
rCold   + + .      Faith    .    k - +1 kite shield {rF+}
rNeg    . . .      Spirit   .    Y - +9 plate armour of Wostriep {Harm rCorr Dex+5 Stlth-}
rPois   .          Reflect  +    Z - +2 helmet {Int+3}
rElec   +          Harm     +    I - scarf {rC+ rF+}
rCorr   +          Rampage  .    l - +2 pair of gloves
Will    +....                    (boots unavailable)
Stlth   ..........               x - amulet of Contentment {Reflect rF- Regen+ Str+4 SH+5 SInv}
HPRegen 3.35/turn                a - ring of protection from fire
MPRegen 0.26/turn                j - ring of protection from fire

@: protected from physical damage, corroded, studying Throwing, repel missiles
A: hooves 3, powered by death 2, augmentation 2, big brain 2, demonic magic 3,
deformed body, screaming 1
}: 3/15 runes: serpentine, barnacled, silver
a: Renounce Religion, Upheaval, Elemental Force, Disaster Area


You were on level 5 of the Pits of Slime.
You worshipped Qazlal.
Qazlal was exalted by your worship.
You visited 9 branches of the dungeon, and saw 44 of its levels.
You visited the Abyss 3 times.
You visited 1 bazaar.
You also visited: Bailey.

You collected 8068 gold pieces.
You spent 4337 gold pieces at shops.

Inventory:

Hand Weapons
 f - the +11 war axe "Hydraslayer" (weapon) {freeze, *Corrode rElec rC+}
   (You found it on level 12 of the Dungeon)

   It freezes those it strikes, dealing additional cold damage.
   It can also slow down cold-blooded creatures.
   rC:        It protects you from cold.
   rElec:     It insulates you from electricity.
   *Corrode:  It may corrode you when you take damage.
Missiles
 b - 5 atropa-tipped darts
 o - 34 javelins
 s - 42 boomerangs (quivered)
 B - 2 throwing nets
Armour
 k - a +1 kite shield of fire resistance (worn)
 l - a +2 pair of gloves (worn)
 I - a scarf of resistance (worn)
 Y - the +9 plate armour of Wostriep (worn) {Harm rCorr Dex+5 Stlth-}
   (You bought it in a shop on level 2 of the Orcish Mines)

   Dex:       It affects your dexterity (+5).
   rCorr:     It protects you from acid and corrosion.
   Harm:      It increases damage dealt and taken.
   Stlth:     It makes you less stealthy.
 Z - a +2 helmet of intelligence (worn)
Jewellery
 a - a ring of protection from fire (left hand)
 c - a ring of flight
 j - a ring of protection from fire (right hand)
 u - a +4 ring of slaying
 x - the amulet of Contentment (around neck) {Reflect rF- Regen+ Str+4 SH+5 SInv}
   (You found it on level 4 of the Snake Pit)

   [amulet of reflection]

   It reflects blocked missile attacks.
   Str:       It affects your strength (+4).
   rF:        It makes you vulnerable to fire.
   SInv:      It lets you see invisible.
   Regen:     It increases your rate of health regeneration.
   SH:        It affects your SH (+5).
 y - a +4 ring of protection
Wands
 h - a wand of mindburst (31)
 p - a wand of digging (14)
 R - a wand of acid (14)
 S - a wand of roots (43)
Scrolls
 e - 3 scrolls of blinking
 n - 11 scrolls of poison
 t - a scroll of fear
 v - 2 scrolls of butterflies
 A - 5 scrolls of immolation
 D - 2 scrolls of magic mapping
 H - 12 scrolls of teleportation
 L - a scroll of silence
 U - 4 scrolls of fog
Potions
 g - 8 potions of invisibility
 q - 8 potions of haste
 r - 2 potions of cancellation
 w - 2 potions of might
 z - 6 potions of curing
 C - a potion of berserk rage
 F - a potion of resistance
 Q - a potion of heal wounds
Miscellaneous
 i - a condenser vane
 G - a tin of tremorstones (inert)
 J - a phantom mirror
 K - a lightning rod (4/4)


   Skills:
 + Level 23.3 Fighting
 + Level 16.4(16.5) Axes
 + Level 2.0(10.9) Polearms
 + Level 2.7 Throwing
 * Level 17.7 Armour
 + Level 6.2 Dodging
 - Level 0.6 Stealth
 * Level 17.8 Shields
 + Level 25.3 Invocations
 * Level 17.2 Evocations


You had 23 spell levels left.
You didn't know any spells.
Your spell library contained the following spells:

 Spells                   Type           Power      Damage    Failure   Level
 Apportation              Tloc           0%         N/A       83%         1
 Kiss of Death            Conj/Necr      0%         2d5       83%         1
 Necrotise                Necr           0%         1d4       83%         1
 Summon Small Mammal      Summ           0%         N/A       83%         1
 Blink                    Tloc           0%         N/A       93%         2
 Cigotuvi's Dreadful Rot  Necr/Pois/Air  0%         N/A       93%         2
 Momentum Strike          Conj/Tloc      0%         3d8       93%         2
 Passwall                 Tmut/Erth      0%         N/A       93%         2
 Poisonous Vapours        Pois/Air       0%         N/A       93%         2
 Scorch                   Fire           0%         2d5       93%         2
 Sublimation of Blood     Necr           0%         N/A       93%         2
 Call Canine Familiar     Summ           0%         N/A       99%         3
 Confusing Touch          Hex            0%         N/A       99%         3
 Dazzling Flash           Conj/Hex       0%         N/A       99%         3
 Frozen Ramparts          Ice            0%         1d1       99%         3
 Gell's Gravitas          Tloc           0%         N/A       99%         3
 Inner Flame              Hex/Fire       0%         N/A       99%         3
 Lesser Beckoning         Tloc           0%         N/A       99%         3
 Mephitic Cloud           Conj/Pois/Air  0%         N/A       99%         3
 Ozocubu's Armour         Ice            0%         N/A       99%         3
 Portal Projectile        Hex/Tloc       0%         N/A       99%         3
 Stone Arrow              Conj/Erth      0%         3d7       99%         3
 Teleport Other           Tloc           0%         N/A       99%         3
 Vampiric Draining        Necr           0%         2d6       99%         3
 Vhi's Electric Charge    Tloc/Air       0%         N/A       99%         3
 Airstrike                Air            0%         2d(0-16)  100%        4
 Animate Armour           Summ/Erth      0%         N/A       100%        4
 Animate Dead             Necr           0%         N/A       100%        4
 Cause Fear               Hex            0%         N/A       100%        4
 Dispel Undead            Necr           0%         3d6       100%        4
 Flame Wave               Conj/Fire      0%         2d4       100%        4
 Ice Form                 Ice/Tmut       0%         N/A       100%        4
 Iskenderun's Mystic Bla  Conj/Tloc      0%         2d3       100%        4
 Leda's Liquefaction      Hex/Erth       0%         N/A       100%        4
 Manifold Assault         Tloc           0%         N/A       100%        4
 Olgreb's Toxic Radiance  Pois           0%         N/A       100%        4
 Passage of Golubria      Tloc           0%         N/A       100%        4
 Sticky Flame             Conj/Fire      0%         2d3       100%        4
 Summon Ice Beast         Ice/Summ       0%         N/A       100%        4
 Summon Lightning Spire   Summ/Air       0%         N/A       100%        4
 Agony                    Necr           0%         N/A       100%        5
 Alistair's Intoxication  Tmut/Pois      0%         N/A       100%        5
 Arcjolt                  Conj/Air       0%         1d10      100%        5
 Blade Hands              Tmut           0%         N/A       100%        5
 Borgnjor's Vile Clutch   Necr/Erth      0%         N/A       100%        5
 Fireball                 Conj/Fire      0%         3d3       100%        5
 Iskenderun's Battlesphe  Conj           0%         2d6       100%        5
 Lightning Bolt           Conj/Air       0%         1d11      100%        5
 Silence                  Hex/Air        0%         N/A       100%        5
 Summon Forest            Summ/Tloc      0%         N/A       100%        5
 Conjure Ball Lightning   Conj/Air       0%         3x3d7     100%        6
 Death Channel            Necr           0%         N/A       100%        6
 Dispersal                Tloc           0%         N/A       100%        6
 Eringya's Noxious Bog    Tmut/Pois      0%         N/A       100%        6
 Iron Shot                Conj/Erth      0%         9d1       100%        6
 Starburst                Conj/Fire      0%         6d3       100%        6
 Enfeeble                 Hex            0%         N/A       100%        7
 Haunt                    Necr/Summ      0%         N/A       100%        7
 Orb of Destruction       Conj           0%         9d5       100%        7
 Ozocubu's Refrigeration  Ice            0%         4d7       100%        7
 Spellforged Servitor     Conj/Summ      0%         N/A       100%        7
 Storm Form               Tmut/Air       0%         N/A       100%        7
 Summon Hydra             Summ           0%         N/A       100%        7
 Discord                  Hex            0%         N/A       100%        8
 Ignition                 Fire           0%         3d3       100%        8
 Infestation              Necr           0%         N/A       100%        8
 Lehudib's Crystal Spear  Conj/Erth      0%         10d2      100%        8
 Maxwell's Capacitive Co  Air            0%         ∞         100%        8
 Necromutation            Tmut/Necr      0%         N/A       100%        8


Dungeon Overview and Level Annotations

Branches:
Dungeon (15/15)            Temple (1/1) D:6            Lair (5/5) D:11
 Shoals (4/4) Lair:2        Snake (4/4) Lair:3        Slime (5/5) Lair:4
    Orc (2/2) D:12            Elf (3/3) Orc:2        Vaults (5/5) D:14
  Crypt (0/3) Vaults:3     Depths (0/4) D:15         Bailey (visited)

Altars:
Ashenzari
Cheibriados
Dithmenos
Fedhas
Gozag
Hepliaklqana
Kikubaaqudgha
Makhleb
Nemelex Xobeh
Okawaru
Qazlal
Ru
Sif Muna
Trog
Uskayaw
Vehumet
Wu Jian
Xom
Yredelemnul
Jiyva

Shops:
D:2 !   D:8 =   D:15 :   Orc:1 [(   Orc:2 [:[:   Elf:2 (   Snake:1 =:=
Vaults:4 *   Vaults:5 =[

Annotations:
Slime:5 Royal Jelly
Elf:3 Myfaogiy's ghost, adept MiFi; cforsyth's ghost, adept AtGl


Innate Abilities, Weirdness & Mutations

You have hooves in place of feet.
You regenerate health from kills.
Your magical and physical power is enhanced at high health.
You have an extremely huge brain. (Int +4)
Spells you cast and wands you use may paralyse nearby enemies.
Armour fits poorly on your strangely shaped body.
You occasionally shout uncontrollably at your foes.


Message History

The Royal Jelly is engulfed in blazing flames.
Flame seeps out of the Royal Jelly.
The Royal Jelly shudders vigorously.
The Royal Jelly spits out two more jellies.
The acid blob hits you but does no damage.
You block the azure jelly's attack.
The azure jelly hits you but does no damage.
You block the azure jelly's attack.
The azure jelly hits you but does no damage.
The rockslime is engulfed in blazing flames.
The rockslime hits you but does no damage.
You block the quicksilver ooze's attack.
The quicksilver ooze hits you but does no damage.
The Royal Jelly is engulfed in blazing flames.
Flame seeps out of the Royal Jelly.
The Royal Jelly shudders.
The Royal Jelly spits out another jelly.
The acid blob hits you!
* * * LOW HITPOINT WARNING * * *
You are splashed with acid.
You resist.
* * * LOW HITPOINT WARNING * * *
The azure jelly hits you but does no damage.
You block the azure jelly's attack.
The azure jelly hits you but does no damage. x2
You block the quicksilver ooze's attack.
The quicksilver ooze hits you but does no damage.
The rockslime is engulfed in blazing flames.
You block the rockslime's attack.
The quicksilver ooze is engulfed in blazing flames.
The quicksilver ooze hits you.
You block the quicksilver ooze's attack. x2
The quicksilver ooze hits you but does no damage.
The acid blob is engulfed in blazing flames.
The acid blob spits acid at you. The splash of acid hits you. You resist.
* * * LOW HITPOINT WARNING * * *
The azure jelly closely misses you.
The azure jelly hits you but does no damage.
The azure jelly barely misses you. The azure jelly hits you.
* * * LOW HITPOINT WARNING * * *
The rockslime hits you!!
You die...

### ##..# ####
##..J.#.#.#
##...J#.☼..###
#....JJJJ....#.
....JJJ@.......
.....JJJ°§.....
.....§○§○○.....
........§§.....
...............
.......JG......
...............
...............
...............


You could see the Royal Jelly (inner flame), 4 acid blobs, 2 azure jellies, a
great orb of eyes, 4 rockslimes and 2 quicksilver oozes.

Vanquished Creatures
  Dissolution (Slime:1)
  2 dread liches
  An ancient lich (Vaults:5)
  Xtahua (Vaults:4)
  Vashnia (Snake:4)
  A pearl dragon (Abyss:2)
  The ghost of Foybonoth the Executioner, an adept MiFi of Okawaru (Elf:2)
  Zenata (Vaults:4)
  A hellephant (Abyss:3)
  Mlioglotl (Snake:3)
  A tentacled monstrosity (Abyss:2)
  2 liches
  6 titans
  18 acid blobs
  2 deep elf master archers (Elf:3)
  2 deep elf blademasters (Elf:3)
  3 sphinxes
  A kraken (Shoals:2)
  Kirke (D:14)
  4 tentacled starspawn
  8 azure jellies
  5 tengu reavers
  4 shadow dragons
  3 storm dragons
  A daeva (Abyss:3)
  5 fire giants
  4 frost giants (Vaults:5)
  6 nagarajas
  6 rockslimes
  4 deep elf sorcerers
  A balrug (Orc:1)
  29 vault wardens
  3 deep elf elementalists
  14 ironbound preservers
  An orc warlord (Orc:1)
  14 very ugly things
  10 quicksilver oozes
  2 war gargoyles (Vaults:4)
  7 stone giants
  Nessos (D:12)
  9 ironbound thunderhulks
  8 dire elephants
  3 elemental wellsprings (Shoals:3)
  A green draconian (Abyss:2)
  8 deep elf demonologists
  The ghost of Xeinaf the Brawler, a journeyman TrAr of Nemelex Xobeh (Lair:3)
  8 deep elf annihilators
  Snorg (D:11)
  A green death (Abyss:3)
  12 merfolk impalers
  7 deep elf death magi
  6 ettins
  10 deep elf high priests
  An entropy weaver (Vaults:2)
  21 great orbs of eyes
  7 merfolk javelineers
  18 yaktaur captains
  40 vault guards
  11 ironbound frosthearts
  9 centaur warriors
  A hydra (shapeshifter) (Vaults:5)
  20 anacondas
  4 merfolk avatars
  5 hydras
  7 ogre magi
  2 salamander tyrants
  2 alligator snapping turtles
  8 merfolk aquamancers
  2 alligators (Lair:3)
  2 anacondas (shapeshifter)
  5 boulder beetles
  2 catoblepae
  The ghost of Piups the Frost Mage, a journeyman DsIE of Vehumet (Lair:3)
  16 naga warriors
  3 satyrs
  25 two-headed ogres
  28 dancing weapons
  3 vampire magi (Vaults:3)
  5 death yaks (Lair:5)
  A deep troll earth mage (Vaults:5)
  10 naga sharpshooters
  3 thrashing horrors (Abyss:2)
  4 shock serpents
  23 deep elf knights
  3 hell knights (Abyss:2)
  A shock serpent (shapeshifter) (D:15)
  2 iron trolls (Vaults:5)
  4 sixfirhies (Abyss:3)
  A shadow wraith (Vaults:4)
  6 wretched stars
  8 salamander mystics
  7 sea snakes
  A golden dragon zombie (Abyss:2)
  A steelbarb worm (shapeshifter) (Vaults:4)
  16 large abominations
  A deep troll (shapeshifter) (Vaults:5)
  A spatial maelstrom (Abyss:3)
  A goliath frog (Lair:3)
  A death drake (Abyss:2)
  A glowing orange brain (Vaults:4)
  14 lindwurms
  3 orc knights
  33 deep trolls
  A golden dragon skeleton (Abyss:3)
  10 naga ritualists
  15 ironbound convokers
  2 necromancers
  2 wizards
  17 deep elf archers
  28 deep elf pyromancers
  17 harpies
  4 phantasmal warriors
  13 mana vipers
  16 fauns
  19 deep elf zephyrmancers
  17 ugly things
  5 oklob plants
  A wolf spider (shapeshifter) (Vaults:4)
  10 manticores
  A wolf spider (D:15)
  5 cyclopes
  2 orc sorcerers
  A moth of wrath (shapeshifter) (D:14)
  24 salamanders
  2 shining eyes
  A faun (shapeshifter) (Vaults:5)
  2 worldbinders (Abyss:2)
  8 guardian serpents
  9 merfolk sirens
  36 black mambas
  21 vault sentinels
  16 water nymphs
  3 smoke demons
  A gargoyle (D:10)
  15 naga magi
  4 eyes of devastation
  An efreet (Abyss:2)
  2 unseen horrors
  23 cane toads
  An unseen horror (shapeshifter) (Vaults:5)
  2 rime drakes
  41 yaktaurs
  4 freezing wraiths
  11 komodo dragons
  4 ancient zymes (Abyss:2)
  20 merfolk
  5 tyrant leeches (Lair:5)
  A hornet (shapeshifter) (D:15)
  3 meliai (D:14)
  11 wind drakes
  A hornet (D:8)
  4 trolls
  5 polar bears
  Grinder (D:4)
  A blink frog (shapeshifter) (D:11)
  18 blink frogs
  7 raiju (Abyss:2)
  125 slime creatures
  9 snapping turtles
  9 dream sheep
  7 small abominations
  13 starcursed masses (Abyss:2)
  4 air elementals
  4 wraiths
  4 shadows
  2 fire bats (Abyss:2)
  16 water elementals
  3 ynoxinuls
  5 fire elementals
  A human (shapeshifter) (D:13)
  50 yaks
  3 wyverns
  4 vampires
  3 basilisks
  12 vampire mosquitoes
  2 steam dragons
  3 hogs (D:14)
  9 golden eyes (Slime:1)
  2 chaos spawn (Abyss:3)
  2 neqoxecs (Abyss:2)
  A redback (shapeshifter) (Vaults:4)
  Grum (D:9)
  2 redbacks (Vaults:2)
  4 wargs
  3 swamp worms (Lair:3)
  43 nagas
  2 spatial vortices (Abyss:3)
  17 water moccasins
  3 acid dragons
  2 ice beasts
  A floating eye (Slime:4)
  25 orc warriors
  6 black bears
  A fire dragon simulacrum (Abyss:2)
  4 swamp drakes
  2 sky beasts (D:7)
  25 ogres
  18 centaurs
  5 boggarts
  25 wolves
  2 phantoms
  17 bullfrogs
  A kobold brigand (D:8)
  11 necrophages
  2 gnoll sergeants (D:11)
  3 earth elementals
  A scorpion (D:11)
  19 wights
  8 killer bees
  2 howler monkeys
  2 electric eels
  A quasit (Abyss:2)
  23 jellies
  10 orc priests
  A gnoll bouda (D:3)
  A hound (D:6)
  An iron imp (Abyss:2)
  Jessica (D:3)
  5 iguanas
  16 orc wizards
  8 ogre zombies (D:12)
  14 gnolls
  7 adders
  A shadow imp (D:7)
  3 white imps
  6 ufetubi
  2 worms
  4 dart slugs
  67 orcs
  5 bats
  11 endoplasms
  3 giant cockroaches (D:1)
  9 goblins
  6 hobgoblins
  10 kobolds
  3 quokkas
  8 ball pythons
  4 frilled lizards
  A goblin skeleton (D:12)
  2 hobgoblin skeletons (D:12)
  A hobgoblin zombie (D:12)
  3 orc skeletons (D:12)
  17 orc zombies (D:12)
  8 rats
  A bush (Lair:3)
  8 starspawn tentacles
1963 creatures vanquished.

Vanquished Creatures (collateral kills)
  Jorgrun (D:12)
  2 acid blobs
  2 rockslimes
  A vault warden (Vaults:3)
  Aizul (Snake:1)
  An ironbound preserver (Vaults:4)
  3 deep elf elementalists (Elf:3)
  2 very ugly things (Vaults:4)
  2 deep elf annihilators (Elf:3)
  A deep elf death mage (Elf:3)
  An ettin (Vaults:5)
  A great orb of eyes (Slime:2)
  3 deep elf high priests (Elf:3)
  2 anacondas
  An alligator snapping turtle (Shoals:4)
  A hell knight (Abyss:2)
  2 naga sharpshooters
  A wizard (Vaults:4)
  A deep elf zephyrmancer (Elf:2)
  2 ugly things (Vaults:4)
  A manticore (D:15)
  A cyclops (D:15)
  A salamander (Snake:4)
  A faun (Shoals:1)
  2 black mambas
  A yaktaur (Vaults:4)
  2 merfolk
  A wind drake (Shoals:2)
  8 slime creatures
  A snapping turtle (Shoals:4)
  3 water elementals (Shoals:2)
  A golden eye (Slime:1)
  5 nagas
  A boggart (D:15)
  An orc wizard (D:12)
61 creatures vanquished.

Vanquished Creatures (others)
  A deep elf knight (Vaults:5)
  Sonja (D:12)
  A deep elf pyromancer (Elf:1)
  A swamp worm (Lair:3)
  A tengu (shapeshifter) (Vaults:5)
  A boggart (Vaults:2)
  3 orcs (Bailey)
  An orc zombie (D:12)
  30 fungi
  A lurking horror (Abyss:2)
  124 plants
  6 starspawn tentacles
  4 tentacles (Shoals:2)
  6 withered plants (Lair:3)
181 creatures vanquished.

Grand Total: 2205 creatures vanquished

Notes
Turn   | Place    | Note
-------+----------+-------------------------------------------
     0 | D:1      | jlumianski the Demonspawn Fighter began the quest for the
                  | Orb.
     0 | D:1      | Reached XP level 1. HP: 18/18 MP: 1/1
   196 | D:1      | Gained mutation: You regenerate a little health from kills.
                  | [demonic ancestry]
   196 | D:1      | Reached XP level 2. HP: 24/24 MP: 2/2
   467 | D:1      | Gained mutation: You regenerate health from kills. [demonic
                  | ancestry]
   467 | D:1      | Reached XP level 3. HP: 29/29 MP: 3/3
   896 | D:1      | Found a faded altar of an unknown god.
  1131 | D:2      | Found Dituv's Distillery.
  1144 | D:2      | Bought a potion of berserk rage for 55 gold pieces
  1144 | D:2      | Bought a potion of curing for 33 gold pieces
  1292 | D:2      | Gained mutation: Spells you cast may paralyse adjacent
                  | enemies. [demonic ancestry]
  1292 | D:2      | Reached XP level 4. HP: 35/35 MP: 4/4
  2021 | D:3      | Noticed Jessica
  2047 | D:3      | Killed Jessica
  2048 | D:3      | Gained mutation: You have large cloven feet. [demonic
                  | ancestry]
  2048 | D:3      | Reached XP level 5. HP: 35/41 MP: 5/5
  2728 | D:5      | Entered Level 5 of the Dungeon
  2965 | D:4      | Noticed Grinder
  2974 | D:4      | Paralysed by Grinder for 5 turns
  2985 | D:4      | Killed Grinder
  2986 | D:4      | Reached skill level 1 in Dodging
  2986 | D:4      | Reached XP level 6. HP: 13/48 MP: 6/6
  3559 | D:2      | Bought a potion of might for 44 gold pieces
  3765 | D:5      | Gained mutation: You have hoof-like feet. [demonic
                  | ancestry]
  3765 | D:5      | Reached XP level 7. HP: 54/54 MP: 7/7
  3805 | D:6      | Found a staircase to the Ecumenical Temple.
  3820 | Temple   | Entered the Ecumenical Temple
  3820 | Temple   | Noticed a hellwing
  3821 | Temple   | Noticed Deblax the pandemonium lord
  3821 | Temple   | Noticed Gusul the pandemonium lord
  3822 | Temple   | Noticed a ynoxinul
  3824 | Temple   | Noticed Guag Cifi the pandemonium lord
  3826 | Temple   | Noticed a rust devil
  3864 | Temple   | Noticed Edoij the pandemonium lord
  3873 | Temple   | Noticed a hellion
  3882 | Temple   | Noticed Ikisov the pandemonium lord
  3895 | Temple   | Noticed an orange demon
  3895 | Temple   | Noticed a tormentor
  3896 | Temple   | Noticed Luoklupt the pandemonium lord
  4561 | D:6      | Reached skill level 5 in Axes
  4587 | D:7      | Reached skill level 1 in Throwing
  4628 | D:6      | Reached skill level 5 in Fighting
  4708 | D:6      | Reached XP level 8. HP: 62/62 MP: 8/8
  5070 | D:6      | Found a basalt altar of Yredelemnul.
  5071 | D:6      | Found a stormy altar of Qazlal.
  5071 | D:6      | Found an ornate altar of the Wu Jian Council.
  5079 | D:6      | Became a worshipper of Qazlal Stormbringer
  5083 | D:6      | Reached skill level 5 in Armour
  5600 | D:7      | Reached skill level 1 in Invocations
  5632 | D:7      | Reached skill level 1 in Evocations
  5723 | D:6      | Reached skill level 2 in Invocations
  5815 | D:7      | Reached XP level 9. HP: 52/69 MP: 10/10
  6022 | D:7      | Noticed a cyclops
  6042 | D:7      | Killed a cyclops
  6045 | D:7      | Reached skill level 3 in Invocations
  6055 | D:7      | Noticed a two-headed ogre
  6056 | D:7      | Reached * piety under Qazlal
  6069 | D:7      | Killed a two-headed ogre
  6070 | D:7      | Reached skill level 4 in Invocations
  6568 | D:9      | Noticed a komodo dragon
  6579 | D:8      | Killed a komodo dragon
  6583 | D:9      | Reached XP level 10. HP: 78/79 MP: 13/13
  6612 | D:9      | Reached skill level 5 in Invocations
  6655 | D:10     | Entered Level 10 of the Dungeon
  6939 | D:9      | Noticed a two-headed ogre
  6946 | D:9      | Killed a two-headed ogre
  7083 | D:9      | Found a flagged portal.
  7099 | Bailey   | Entered a bailey
  7155 | Bailey   | Reached skill level 6 in Invocations
  7408 | Bailey   | Reached ** piety under Qazlal
  8089 | Bailey   | Reached skill level 7 in Invocations
  8381 | Bailey   | Reached skill level 5 in Evocations
  8844 | D:8      | Found an iron altar of Okawaru.
  8879 | D:8      | Found a shadowy altar of Dithmenos.
  8942 | D:8      | Paralysed by a hornet for 3 turns
  9064 | D:8      | Reached skill level 8 in Invocations
  9198 | D:8      | Gained mutation: You have hooves in place of feet. [demonic
                  | ancestry]
  9198 | D:8      | Reached XP level 11. HP: 56/87 MP: 17/17
  9284 | D:8      | Found Elited's Jewellery Shoppe.
  9292 | D:8      | Bought an amulet of regeneration for 450 gold pieces
  9368 | D:8      | Found a hazy altar of Hepliaklqana.
  9602 | D:9      | Found a shimmering blue altar of Sif Muna.
  9611 | D:9      | Noticed Grum
  9628 | D:9      | Killed Grum
  9633 | D:9      | Reached *** piety under Qazlal
 10032 | D:10     | Reached skill level 9 in Invocations
 10070 | D:10     | Noticed a two-headed ogre
 10072 | D:10     | Killed a two-headed ogre
 10210 | D:10     | Reached skill level 10 in Invocations
 10552 | D:11     | Noticed a cyan ugly thing
 10569 | D:11     | Killed a cyan ugly thing
 10681 | D:12     | Noticed Nessos
 10693 | D:12     | Killed Nessos
 10694 | D:12     | Reached skill level 10 in Fighting
 10694 | D:12     | Reached skill level 10 in Axes
 10790 | D:12     | Noticed Sonja
 10797 | D:12     | Found a flickering gateway to a bazaar.
 10797 | D:12     | You fall into a shaft and drop 1 floor!
 10798 | D:13     | Noticed a centaur warrior
 10806 | D:13     | Killed a centaur warrior
 10904 | D:12     | Reached skill level 5 in Shields
 10904 | D:12     | Reached skill level 11 in Invocations
 10961 | D:12     | Killed Sonja
 10978 | Bazaar   | Entered a bazaar
 11021 | Bazaar   | Found Veaveogi's Book Shop.
 11021 | Bazaar   | Found Ipumeps's Jewellery Boutique.
 11115 | D:12     | Found a staircase to the Orcish Mines.
 11115 | D:12     | Noticed an orc sorcerer
 11128 | D:12     | Killed an orc sorcerer
 11145 | D:12     | Reached XP level 12. HP: 98/98 MP: 20/20
 11177 | D:12     | Identified the +11 war axe "Hydraslayer" {freeze, *Corrode
                  | rElec rC+}
 11198 | D:12     | Found an ornate altar of the Wu Jian Council.
 11202 | D:12     | Noticed Jorgrun
 11203 | D:11     | Noticed Snorg
 11215 | D:11     | Killed Snorg
 11270 | D:11     | Noticed a two-headed ogre
 11288 | D:11     | Killed a two-headed ogre
 11407 | D:11     | Identified the ring of Gadel {*Corrode rPois rC+++ Dex-5
                  | Stlth+}
 11579 | D:11     | Found a staircase to the Lair.
 11687 | D:11     | Noticed a boulder beetle
 11706 | D:11     | Killed a boulder beetle
 11707 | D:11     | Reached skill level 12 in Invocations
 12083 | D:11     | Noticed a two-headed ogre
 12089 | D:11     | Noticed a two-headed ogre
 12111 | D:11     | Killed a two-headed ogre
 12111 | D:11     | Killed a two-headed ogre
 12148 | D:11     | Noticed a centaur warrior
 12153 | D:11     | Killed a centaur warrior
 12309 | D:12     | Killed Jorgrun
 12761 | D:13     | Reached skill level 13 in Invocations
 12887 | D:14     | Noticed a two-headed ogre
 12888 | D:14     | Noticed a two-headed ogre
 12897 | D:14     | Killed a two-headed ogre
 12900 | D:14     | Killed a two-headed ogre
 12901 | D:14     | Gained mutation: You have an unusually large brain. (Int
                  | +2) [demonic ancestry]
 12901 | D:14     | Reached XP level 13. HP: 65/109 MP: 23/23
 13103 | D:14     | Found a gate to the Vaults.
 13232 | D:14     | Reached **** piety under Qazlal
 13311 | D:14     | Reached skill level 14 in Invocations
 13352 | D:14     | Reached skill level 15 in Invocations
 13352 | D:14     | Reached XP level 14. HP: 117/119 MP: 23/25
 14220 | D:15     | Entered Level 15 of the Dungeon
 14244 | D:15     | Noticed Kirke
 14279 | D:14     | Killed Kirke
 14629 | D:15     | Found Veuxexyo's Vocational Training.
 14830 | D:15     | Found a staircase to the Depths.
 14989 | Lair:1   | Entered Level 1 of the Lair of Beasts
 15726 | Lair:1   | Reached skill level 16 in Invocations
 15736 | Lair:1   | Reached skill level 15 in Fighting
 16431 | Lair:2   | Found a blossoming altar of Fedhas.
 16639 | Lair:2   | Found a staircase to the Shoals.
 16827 | Lair:3   | Found a staircase to the Snake Pit.
 16968 | Lair:3   | Reached ***** piety under Qazlal
 17163 | Lair:3   | Reached XP level 15. HP: 126/129 MP: 27/27
 17345 | Lair:3   | Found a runed translucent gate.
 17345 | Lair:3   | Found a runed translucent gate.
 17345 | Lair:3   | Found a runed translucent gate.
 17349 | Lair:3   | Noticed Xeinaf's ghost (journeyman TrAr)
 17349 | Lair:3   | Noticed Piups's ghost (journeyman DsIE)
 17798 | Lair:3   | Killed Xeinaf's ghost
 17801 | Lair:3   | Killed Piups's ghost
 18283 | Lair:4   | Found a staircase to the Slime Pits.
 18286 | Lair:4   | Found a viscous altar of Jiyva.
 18299 | Lair:4   | Reached skill level 10 in Evocations
 18324 | Lair:5   | Entered Level 5 of the Lair of Beasts
 18968 | Lair:4   | Reached skill level 1 in Polearms
 19024 | Lair:5   | Reached skill level 10 in Armour
 19047 | Lair:5   | Reached ****** piety under Qazlal
 19058 | Lair:5   | Reached skill level 17 in Invocations
 19845 | Lair:5   | Got the Lectures on Profane Liturgies and Bewitchment
 20251 | Orc:1    | Entered Level 1 of the Orcish Mines
 20608 | Orc:1    | Found Quiqiw's Armour Shop.
 20617 | Orc:1    | Bought a +3 chain mail of willpower for 424 gold pieces
 20832 | Orc:2    | Entered Level 2 of the Orcish Mines
 20845 | Orc:2    | Found a staircase to the Elven Halls.
 21126 | Orc:2    | Reached XP level 16. HP: 128/139 MP: 22/28
 21154 | Orc:2    | Found Geyfydig's Book Shoppe.
 21154 | Orc:2    | Found Poyg's Book Shop.
 21167 | Orc:2    | Found Ecuf's Armour Shop.
 21167 | Orc:2    | Found Vyvuumui's Armour Emporium.
 21444 | Orc:1    | Found Uxaig Qoy's Weapon Shoppe.
 21573 | Orc:1    | Found a runed translucent door.
 21996 | D:15     | Bought a manual of Invocations for 1280 gold pieces
 22167 | D:8      | Bought a ring of poison resistance for 300 gold pieces
 22307 | Snake:1  | Entered Level 1 of the Snake Pit
 22513 | Snake:1  | Found Tenuo's Book Emporium.
 22514 | Snake:1  | Found Uqipn's Jewellery Boutique.
 22533 | Snake:1  | Found Eskof's Jewellery Boutique.
 22541 | Snake:1  | Bought a ring of flight for 227 gold pieces
 23273 | Snake:2  | Noticed Aizul
 23289 | Snake:1  | Killed Aizul
 23293 | Snake:1  | HP: 7/141 [poisoned by Aizul (bolt of poison)]
 23298 | Snake:1  | HP: 4/141 [poisoned by Aizul (bolt of poison)]
 23453 | Snake:2  | Reached skill level 18 in Invocations
 23895 | Snake:3  | Reached XP level 17. HP: 132/148 MP: 19/30
 24473 | Snake:3  | Reached skill level 19 in Invocations
 24581 | Snake:4  | Entered Level 4 of the Snake Pit
 25473 | Snake:3  | Reached skill level 15 in Axes
 26240 | Snake:4  | Reached skill level 20 in Invocations
 26246 | Snake:4  | Noticed Vashnia
 26419 | Snake:4  | Noticed Mlioglotl
 26436 | Snake:3  | Killed Mlioglotl
 26625 | Snake:4  | Killed Vashnia
 26834 | Snake:4  | Identified the amulet of Contentment {Reflect rF- Regen+
                  | Str+4 SH+5 SInv}
 26986 | Snake:4  | Gained mutation: You have an extremely huge brain. (Int +4)
                  | [demonic ancestry]
 26986 | Snake:4  | Reached XP level 18. HP: 53/157 MP: 27/32
 26987 | Snake:4  | HP: 7/157 [naga warrior/+0 trident (25)]
 27265 | Snake:4  | Got a serpentine rune of Zot
 27688 | Shoals:1 | Entered Level 1 of the Shoals
 27897 | Shoals:1 | Reached skill level 10 in Shields
 28094 | Shoals:1 | Found a runed translucent door.
 28862 | Shoals:2 | Reached skill level 21 in Invocations
 28871 | Shoals:2 | Reached skill level 5 in Dodging
 30043 | Shoals:4 | Entered Level 4 of the Shoals
 30475 | Shoals:3 | Identified the +1 cloak of Darkness {rElec rN+ Str-4}
 30673 | Shoals:4 | Paralysed by an air elemental for 1 turns
 31014 | Shoals:4 | Paralysed by an air elemental for 1 turns
 31180 | Shoals:4 | Gained mutation: Spells you cast may paralyse nearby
                  | enemies. [demonic ancestry]
 31180 | Shoals:4 | Reached XP level 19. HP: 142/165 MP: 27/33
 31210 | Shoals:4 | Paralysed by an air elemental for 1 turns
 31917 | Shoals:4 | Identified the ring "Foiskoen" {rPois rF- Will+ Int+3 SInv}
 31996 | Shoals:4 | Reached skill level 22 in Invocations
 31999 | Shoals:4 | Got a barnacled rune of Zot
 32003 | Shoals:4 | Got the Incunable of Pyromania and Blight
 32349 | Vaults:1 | Entered Level 1 of the Vaults
 32362 | Vaults:1 | Paralysed by a great orb of eyes for 3 turns
 32497 | Vaults:1 | Upgraded the game from 0.30-a0-459-g9104f0fc43 to
                  | 0.30-a0-462-gd5975efbca
 34561 | Vaults:3 | Reached XP level 20. HP: 109/176 MP: 35/35
 34581 | Vaults:3 | Noticed a dread lich
 34587 | Vaults:3 | Reached skill level 23 in Invocations
 34587 | Vaults:3 | Paralysed by a great orb of eyes for 2 turns
 34598 | Vaults:3 | Killed a dread lich
 34676 | Vaults:3 | Identified the +1 buckler of Qazlal {Str+4}
 34778 | Vaults:4 | Noticed Zenata
 34801 | Vaults:4 | Killed Zenata
 35115 | Vaults:3 | Found a huge runed gate.
 35115 | Vaults:3 | Found a huge runed gate.
 35115 | Vaults:3 | Found a huge runed gate.
 35115 | Vaults:3 | Found a huge runed gate.
 35115 | Vaults:3 | Found a huge runed gate.
 35116 | Vaults:3 | Found a huge runed gate.
 35116 | Vaults:3 | Found a huge runed gate.
 35116 | Vaults:3 | Found a huge runed gate.
 35116 | Vaults:3 | Found a huge runed gate.
 35116 | Vaults:3 | Found a huge runed gate.
 35117 | Vaults:3 | Found a huge runed gate.
 35128 | Vaults:3 | Found a huge runed gate.
 35129 | Vaults:3 | Found a huge runed gate.
 35138 | Vaults:3 | Found a huge runed gate.
 35152 | Vaults:3 | Found a huge runed gate.
 35152 | Vaults:3 | Found a huge runed gate.
 35152 | Vaults:3 | Found a huge runed gate.
 35152 | Vaults:3 | Found a huge runed gate.
 35152 | Vaults:3 | Found a huge runed gate.
 35154 | Vaults:3 | Found a huge runed gate.
 35155 | Vaults:3 | Found a huge runed gate.
 35156 | Vaults:3 | Found a huge runed gate.
 35157 | Vaults:3 | Found a huge runed gate.
 35165 | Vaults:3 | Found a huge runed gate.
 35165 | Vaults:3 | Found a huge runed gate.
 35165 | Vaults:3 | Found a huge runed gate.
 35165 | Vaults:3 | Found a huge runed gate.
 35165 | Vaults:3 | Found a huge runed gate.
 35166 | Vaults:3 | Found a huge runed gate.
 35167 | Vaults:3 | Found a huge runed gate.
 35168 | Vaults:3 | Found a huge runed gate.
 35169 | Vaults:3 | Found a huge runed gate.
 35177 | Vaults:3 | Found a huge runed gate.
 35177 | Vaults:3 | Found a huge runed gate.
 35264 | Vaults:3 | Upgraded the game from 0.30-a0-462-gd5975efbca to
                  | 0.30-a0-465-g8901f6c8b5
 35402 | Vaults:3 | Found a staircase to the Crypt.
 36258 | Vaults:4 | Found Vod Riut's General Store.
 36404 | Vaults:4 | Noticed Xtahua
 36423 | Vaults:4 | Killed Xtahua
 36664 | Vaults:4 | Reached skill level 24 in Invocations
 36669 | Vaults:4 | Gained mutation: Your magical and physical power is
                  | slightly enhanced at high health. [demonic ancestry]
 36669 | Vaults:4 | Reached XP level 21. HP: 185/185 MP: 30/37
 36691 | Vaults:4 | Reached skill level 15 in Armour
 37453 | Elf:1    | Entered Level 1 of the Elven Halls
 38231 | Elf:3    | Entered Level 3 of the Elven Halls
 38489 | Elf:2    | Found a runed translucent gate.
 38489 | Elf:2    | Found a runed translucent gate.
 38494 | Elf:2    | Found a runed translucent gate.
 38679 | Elf:2    | Found Igugoa's Antique Weapon Boutique.
 39075 | Elf:2    | Reached skill level 15 in Evocations
 39662 | Abyss:2  | Cast into level 2 of the Abyss (a deep elf demonologist)
 39900 | Abyss:2  | Found a corrupted altar of Lugonu.
 40003 | Abyss:2  | Gained mutation: Spells you cast and wands you use may
                  | paralyse nearby enemies. [demonic ancestry]
 40003 | Abyss:2  | Reached XP level 22. HP: 182/196 MP: 38/38
 40081 | Elf:3    | Escaped the Abyss
 40322 | Abyss:2  | Cast into level 2 of the Abyss (a deep elf demonologist)
 40332 | Abyss:2  | Found a corrupted altar of Lugonu.
 40394 | Abyss:2  | Reached skill level 15 in Shields
 40407 | Abyss:2  | Paralysed by accursed screaming for 1 turns
 40642 | Elf:3    | Escaped the Abyss
 40766 | Elf:3    | Found a shimmering blue altar of Sif Muna.
 41239 | Elf:3    | Found a runed translucent gate.
 41240 | Elf:3    | Found a runed translucent gate.
 41241 | Elf:3    | Found a runed translucent gate.
 41242 | Elf:3    | Noticed cforsyth's ghost (adept AtGl)
 41243 | Elf:3    | Noticed Foybonoth's ghost (adept MiFi)
 41243 | Elf:3    | Noticed Myfaogiy's ghost (adept MiFi)
 41439 | Abyss:3  | Cast into level 3 of the Abyss (a deep elf demonologist)
 41590 | Elf:3    | Escaped the Abyss
 41679 | Elf:3    | Identified the +10 dagger "Byuj Ule" {drain, Int+2}
 42045 | Elf:3    | Identified the +6 morningstar "Yssetixi" {vorpal, rElec rC-
                  | SInv}
 42051 | Elf:3    | Identified the amulet "Extaur" {Faith rElec rCorr Str+4
                  | Int+4 Slay-5}
 42061 | Elf:3    | Identified the amulet "Rigotz" {Reflect rElec Regen+ Dex+6
                  | SH+5}
 42212 | Elf:3    | Identified the ring of Fuoruora {rN+ Str+3 Int+6 Stlth+}
 42327 | Elf:2    | Killed Foybonoth's ghost
 42595 | Orc:2    | Bought the +9 plate armour of Wostriep {Harm rCorr Dex+5
                  | Stlth-} for 1076 gold pieces
 42846 | Vaults:5 | Entered Level 5 of the Vaults
 42873 | Vaults:4 | Reached skill level 25 in Invocations
 43110 | Vaults:4 | Gained mutation: Your magical and physical power is
                  | enhanced at high health. [demonic ancestry]
 43110 | Vaults:4 | Reached XP level 23. HP: 125/205 MP: 35/39
 43223 | Vaults:5 | Paralysed by a great orb of eyes for 5 turns
 43361 | Vaults:5 | Identified the ring "Wokkito" {rElec rC- rN+++ Dex+6
                  | Slay+2}
 43578 | Vaults:5 | Identified the +9 spear of Untruth {chaos, rN+}
 43585 | Vaults:5 | Identified the +6 flail of Mana {drain, Fly Dex+2 SInv}
 44041 | Vaults:5 | Noticed an ancient lich
 44051 | Vaults:5 | Killed an ancient lich
 44152 | Vaults:5 | Noticed a dread lich
 44163 | Vaults:5 | Killed a dread lich
 44282 | Vaults:5 | Found the +15 Maxwell's patent armour {-Cast -Tele rElec
                  | Will+ rCorr}
 44283 | Vaults:5 | Found Ryarob's Jewellery Shop.
 44304 | Vaults:5 | Got the Grimoire of Terrain and the Summer
 44313 | Vaults:5 | Identified the +10 flail "Giantbane" {drain, rPois rF+
                  | Int+3}
 44317 | Vaults:5 | Identified the +7 flail of Superiority {chaos, Dex+2}
 44343 | Vaults:5 | Identified the +3 morningstar of Mana {drain, Fly rElec
                  | rPois rC-}
 44914 | Vaults:5 | Got a silver rune of Zot
 45094 | Vaults:5 | Found Vugre's Armour Shop.
 45098 | Vaults:5 | Bought a scarf of resistance for 448 gold pieces
 45353 | Vaults:5 | Identified the +6 shortbow of Riding Quick Death {flame,
                  | *Slow rC++ rN+}
 45357 | Vaults:5 | Identified the +1 ring mail of Immorality {Will+ Str+4}
 45665 | D:11     | Upgraded the game from 0.30-a0-465-g8901f6c8b5 to
                  | 0.30-a0-469-g84de5afbc5
 45780 | Slime:1  | Entered Level 1 of the Pits of Slime
 45872 | Slime:2  | You fall into a shaft and drop 2 floors!
 45886 | Slime:4  | Paralysed by a floating eye for 4 turns
 46689 | Slime:2  | Paralysed by a great orb of eyes for 2 turns
 46689 | Slime:2  | Noticed Dissolution
 46700 | Slime:2  | Reached XP level 24. HP: 214/214 MP: 36/39
 46701 | Slime:2  | Paralysed by a floating eye for 3 turns
 46706 | Slime:2  | Paralysed by a floating eye for 4 turns
 46720 | Slime:1  | Killed Dissolution
 46838 | Slime:5  | Entered Level 5 of the Pits of Slime
 46858 | Slime:5  | Noticed the Royal Jelly
 46906 | Slime:5  | Gained mutation: Armour fits poorly on your strangely
                  | shaped body. [a shining eye]
 46907 | Slime:5  | Gained mutation: You occasionally shout uncontrollably at
                  | your foes. [a shining eye]
 47199 | Slime:5  | Demolished by a rockslime

Illustrated notes

Levels and vault maps discovered:
D:1:      grunt_arrival_crossed_arrows, layout_loops_ring,
          shapermc_ecumenical_altar_mp_vishouse, minmay_pentomino_v2
D:2:      layout_basic, serial_shops, nicolae_shop_advertising_works
          [nicolae_subvault_shop_adworks], chequers_jeans
D:3:      layout_loops_ring, serial_rivers, chequers_serial_rivers_marsh,
          chequers_serial_rivers_room_b, chequers_serial_rivers_small_b,
          chequers_serial_rivers_room_a, chequers_serial_rivers_micro_e,
          chequers_serial_rivers_micro_b, uniq_jessica
D:4:      layout_loops_cross, st_stairs_8, uniq_grinder
D:5:      layout_basic
D:6:      layout_basic, chequers_temple_overflow_statue_of_worship,
          minmay_temple_entry_arrows, serial_corexii_hall,
          chequers_hall_statues_corner_a, corexii_hall_statues_i
D:7:      layout_cave_pods, minmay_manual_monolith
D:8:      layout_cave_pools, overflow_temple_1_default,
          mainiacjoe_overflow_alcove_2, grunt_dithmenos_smoke, serial_shops,
          shop
D:9:      layout_loops_ring, old_standard_altar, enter_bailey_4,
          minmay_stone_trees_large, minmay_lizard_king, uniq_grum
D:10:     layout_cave_pools, minmay_crystal_water
D:11:     layout_cave_pods, grunt_lair_entry_orc_guard_hut, minmay_liquid_box,
          evilmike_minifort, uniq_snorg
D:12:     layout_basic, zombieorc2_lemuel, serial_shops, bzr_firewalk,
          minivault_22, nicolae_wu_jian_wuxing_cycle, uniq_jorgrun, uniq_nessos,
          uniq_sonja
D:13:     layout_basic
D:14:     layout_small_grid, david_vaults_2, minmay_misc_feat_doors,
          gauntlet_entry_generic
D:15:     hangedman_depths_entry_try_elsewhere_first, layout_cave_pools,
          nicolae_sextant, nicolae_shop_vocational, uniq_kirke
Temple:   nicolae_temple_panitentiary
Lair:1:   layout_cave_pods, st_stairs_8, eino_small_chamber_without_monster,
          grunt_megastairs_5
Lair:2:   layout_chaotic_city, elwin_shoals_entry_rooms, hangedman_tree_tricks
Lair:3:   onia_ninara_swampy_vault, layout_loops_ring,
          guppyfry_snake_entry_garden, gammafunk_ghost_cemetery,
          roderic_carrion_pond
Lair:4:   layout_cave_pods, minmay_slime_entry_jelly_boxes, st_stairs_13,
          lemuel_fruit_fields
Lair:5:   minmay_lair_end_frog_pond, layout_gridlike, st_stairs_9,
          hibernation_bobbens
Shoals:1: layout_shoals, nicolae_shoals_circle_sea_wall, lightli_airlock
Shoals:2: cheibrodos_shoals_oceanic_diplomacy, layout_shoals
Shoals:3: layout_shoals, nicolae_shoals_spring_well_temple
Shoals:4: shoals_end_hellmonk_storm_palace [storm_palace_center_ruins,
          storm_palace_corner_blocked, storm_palace_corner_reverse_hut,
          storm_palace_corner_pillars, storm_palace_corner_pillars]
Snake:1:  layout_gridlike, grunt_megastairs_1, minmay_shop_grove
Snake:2:  layout_cave_shapes, uniq_aizul
Snake:3:  layout_cave_town, grunt_megastairs_3
Snake:4:  grunt_snake_rune_serpentine_throne, layout_basic, lemuel_fruit_tree,
          uniq_mlioglotl
Slime:1:  nicolae_slime_jelly_donut, layout_caves
Slime:2:  layout_caves, uniq_dissolution
Slime:3:  layout_caves
Slime:4:  layout_caves
Slime:5
Orc:1:    dreamdust_dug_too_deep, layout_diamond_mine, serial_shops, shop, shop
Orc:2:    st_orc_ogre_mass, layout_caves, mines3_lemuel
Elf:1:    nicolae_elf_arrival_fired_up, layout_loops_cross,
          kennysheep_underground_church
Elf:2:    nicolae_elf_blades_splatter_lattice [grunt_blade_entry_basic],
          layout_onion_city, serial_shops, shop, hex_medium,
          nicolae_elf_stone_circles
Elf:3:    minmay_elf_hall_x, layout_gridlike, gammafunk_ghost_cemetery,
          basic_altar
Vaults:1: v_misc_18, v_misc_27, hangedman_vaults_slice, vaults_mumra_minichess,
          hangedman_vaults_variations, v_misc_22,
          nicolae_vaults_stairing_the_circle, vaults_dpeg_emergency_exit,
          vaults_room_stairs_pillars, vaults_dpeg_cross, vaults_mumra_lcd,
          layout_vaults_omnibox
Vaults:2: vaults_room_stairs_pillars, nicolae_vaults_little_squares_2,
          ontoclasm_vaults_decontamination, nicolae_vaults_big_ls,
          ontoclasm_vaults_tryst, v_misc_17, nicolae_vaults_what_the_h,
          serial_ice_h, vaults_room_corners, nicolae_vaults_little_squares_4,
          hangedman_vaults_maws, layout_vaults_omnicross
Vaults:3: minmay_crypt_entry_simple_box, v_rooms_6, door_vault, v_misc_10,
          nicolae_vaults_little_squares_1, nicolae_vaults_border_crossing,
          ontoclasm_vaults_hangar, layout_vaults_omnigrid
Vaults:4: vaults_mumra_chevron, grunt_vaults_focal, ontoclasm_vaults_twist,
          nicolae_vaults_three_branches, nicolae_vaults_theta, st_smaller_cells,
          nicolae_vaults_triangles, v_misc_16, v_misc_5, vaults_mumra_hexcomb,
          vaults_room_door_ring, nicolae_vaults_rhombus_7, vaults_dpeg_diagonal,
          grunt_vaults_hallway_short, layout_vaults_maze_snakey, serial_shops,
          shop, uniq_zenata, uniq_xtahua
Vaults:5: serial_shops

Skill      XL: |  1  2  3  4  5  6  7  8  9 10 11 12 13 14 15 16 17 18 19 20 21 22 23 |
---------------+----------------------------------------------------------------------+-----
Shields        | 3 4 5 6 7 8 9 11 12 13 14 16 17 | 17.8
Axes           | 2 3 4 5 7 8 9 10 11 12 13 14 15 16 | 16.4
Armour         | 3 4 5 6 7 8 9 10 11 12 13 14 15 16 17 | 17.7
Dodging        | 1 2 3 4 5 6 |  6.2
Fighting       | 4 5 6 7 8 10 12 13 15 16 17 18 19 20 21 22 23 | 23.3
Throwing       | 1 2 |  2.7
Invocations    | 2 4 8 11 13 15 16 17 18 20 21 22 24 25 | 25.3
Evocations     | 1 3 5 6 7 8 9 10 11 12 13 14 15 16 17 | 17.2
Polearms       | 1 2 |  2.0
Stealth        | |  0.6

Action                   |  1- 3 |  4- 6 |  7- 9 | 10-12 | 13-15 | 16-18 | 19-21 | 22-24 || total
-------------------------+-------+-------+-------+-------+-------+-------+-------+-------++-------
Melee: War axe           |   108 |   174 |   136 |   434 |   594 |   927 |   992 |   724 ||  4089
       Kick              |       |    20 |    39 |   136 |   221 |   362 |   445 |   343 ||  1566
       Spear             |       |       |       |    70 |       |       |       |       ||    70
       Trident           |       |       |       |       |    19 |       |       |       ||    19
       Demon trident     |       |       |       |       |       |       |       |     2 ||     2
Throw: Dart              |       |     4 |     6 |    14 |       |       |       |       ||    24
       Stone             |       |     2 |       |       |       |       |       |       ||     2
       Javelin           |       |       |       |       |     1 |       |       |       ||     1
       Boomerang         |       |       |       |       |       |    14 |     2 |    13 ||    29
Invok: Upheaval          |       |       |       |     5 |     5 |     6 |     8 |     5 ||    29
       Elemental Force   |       |       |       |     4 |     1 |    12 |    11 |     8 ||    36
       Disaster Area     |       |       |       |       |       |       |       |     1 ||     1
 Abil: Evoke Invisibilit |       |       |       |       |       |       |     1 |       ||     1
Evoke: Wand              |       |       |       |     1 |       |       |     1 |       ||     2
       Tin of tremorston |       |       |       |       |       |     3 |     5 |     4 ||    12
       Phantom mirror    |       |       |       |       |       |     1 |     1 |       ||     2
       Phial of floods   |       |       |       |       |       |     1 |       |       ||     1
       Lightning rod     |       |       |       |       |       |       |       |     2 ||     2
  Use: Scroll            |       |     7 |    11 |     8 |     2 |     1 |     2 |     4 ||    35
       Potion            |       |     3 |     1 |     5 |     2 |     5 |     3 |    10 ||    29
 Stab: Paralysed         |       |       |       |     3 |       |     5 |    12 |     2 ||    22
       Distracted        |       |       |       |       |       |     1 |     1 |       ||     2
       Invisible         |       |       |       |       |       |       |     3 |       ||     3
Armor: Scale mail        |    69 |    93 |    77 |    42 |       |       |       |       ||   281
       Plate armour      |       |       |       |   194 |       |    51 |   346 |   337 ||   928
       Chain mail        |       |       |       |   160 |   293 |   237 |       |       ||   690
Dodge: Dodged            |    44 |    80 |    74 |   203 |   151 |   206 |   201 |   177 ||  1136
       Repelled          |       |       |       |       |     2 |    39 |    17 |    18 ||    76
Block: Buckler           |    31 |    38 |    39 |   221 |       |       |       |       ||   329
       Kite shield       |       |       |       |    24 |   505 |  1171 |  1269 |   857 ||  3826
       Reflection        |       |       |       |       |       |    54 |   133 |    78 ||   265

Table legend: (Time is in decaauts)
 A = Elapsed time spent in this place.
 B = Non-inter-level travel time spent in this place.
 C = Inter-level travel time spent in this place.
 D = Time resting spent in this place.
 E = Time spent auto-exploring this place.
 F = Levels seen in this place.
 G = Mean time per level.
                   A        B        C        D        E       F      G
               +--------+--------+--------+--------+--------+-----+--------+
         Total |  47335 |  42970 |   4365 |   2924 |  20874 |  49 |  966.0 |
       Dungeon |  14515 |  12895 |   1620 |    545 |   7551 |  15 |  967.7 |
        Temple |    152 |    152 |      0 |      0 |     68 |   1 |  152.0 |
          Lair |   6023 |   4909 |   1114 |     68 |   2920 |   5 | 1204.6 |
        Shoals |   4301 |   4075 |    226 |    223 |   1564 |   4 | 1075.2 |
     Snake Pit |   5072 |   4810 |    262 |    608 |   1876 |   4 | 1268.0 |
    Slime Pits |   1297 |   1278 |     19 |    296 |    469 |   5 |  259.4 |
  Orcish Mines |   1887 |   1565 |    322 |     55 |    673 |   2 |  943.5 |
   Elven Halls |   3936 |   3702 |    234 |    324 |   1793 |   3 | 1312.0 |
        Vaults |   7477 |   6912 |    565 |    203 |   3634 |   5 | 1495.4 |
         Abyss |    849 |    849 |      0 |      0 |    145 |   3 |  283.0 |
        Bazaar |     84 |     84 |      0 |      0 |     42 |   1 |   84.0 |
        Bailey |   1737 |   1737 |      0 |    601 |    138 |   1 | 1737.0 |
               +--------+--------+--------+--------+--------+-----+--------+

Top non-repeatable levels by time:
Vaults:5: 1977 daAuts
   Elf:2: 1811 daAuts
    D:11: 1761 daAuts
  Bailey: 1737 daAuts
Vaults:4: 1668 daAuts
 Snake:3: 1602 daAuts
Vaults:3: 1595 daAuts
  Lair:1: 1440 daAuts
 Snake:4: 1440 daAuts
   Elf:3: 1388 daAuts
  Lair:3: 1282 daAuts
  Lair:4: 1260 daAuts
     D:3: 1259 daAuts
Shoals:4: 1204 daAuts
Vaults:2: 1169 daAuts
